 Dungeon Crawl Stone Soup version 0.27.1-33-g824d729ab1 (webtiles) character file.

Game seed: 11350600555318395874

2 Argetlam the Conjurer (level 1, -1/14 HPs)
             Began as a Draconian Conjurer on Dec 10, 2021.
             Slain by a jackal (2 damage)
             ... on level 1 of the Dungeon.
             The game lasted 00:01:03 (190 turns).

Argetlam the Conjurer (Draconian Conjurer)           Turns: 190, Time: 00:01:04

Health: -1/14      AC:  4    Str:  9    XL:     1   Next: 33%
Magic:  1/3        EV: 12    Int: 18    God:
Gold:   20         SH:  0    Dex:  9    Spells: 3/4 levels left

rFire    . . .     SeeInvis .   a - staff of poison
rCold    . . .     Faith    .   (no shield)
rNeg     . . .     Spirit   .   (armour unavailable)
rPois    +         Reflect  .   (helmet restricted)
rElec    .         Harm     .   (no cloak)
rCorr    .         Rampage  .   (no gloves)
Will     .....                  (no boots)
Stlth    ++........             (no amulet)
HPRegen  0.04/turn              (no ring)
MPRegen  0.08/turn              (no ring)

@: no status effects
A: AC +4, unfitting armour, cold-blooded
a: no special abilities


You were on level 1 of the Dungeon.
You visited 1 branch of the dungeon, and saw 1 of its levels.

You collected 20 gold pieces.

Inventory:

Magical Staves
 a - a staff of poison (weapon)
Scrolls
 b - a scroll of holy word {unknown}


   Skills:
 + Level 1.7 Dodging
 + Level 1.7 Stealth
 + Level 2.0 Spellcasting
 + Level 4.1 Conjurations


You had 3 spell levels left.
You knew the following spells:

 Your Spells              Type           Power      Damage    Failure   Level
a - Magic Dart            Conj           64%        1d6       3%          1

Your spell library contained the following spells:

 Spells                   Type           Power      Damage    Failure   Level
 Searing Ray              Conj           32%        3d4       4%          2
 Dazzling Flash           Conj/Hex       18%        N/A       24%         3
 Fulminant Prism          Conj/Hex       4%         3d6       61%         4
 Iskenderun's Mystic Bla  Conj/Tloc      9%         2d4       61%         4


Dungeon Overview and Level Annotations

Branches:
Dungeon (1/15)

Altars:


Innate Abilities, Weirdness & Mutations

Your plain brown scales are hard. (AC +4)
You cannot fit into any form of body armour.
You are cold-blooded and may be slowed by cold attacks.


Message History

Confirm with . or Enter, or press ? or * to list all spells.
You don't know that spell.
The bat hits you but does no damage.
The jackal bites you but does no damage.
The jackal bites you. The bat hits you. The bat completely misses you.
The jackal barely misses you.
You closely miss the bat. The bat closely misses you.
The jackal closely misses you. The jackal barely misses you.
You hit the jackal.
The jackal is severely wounded.
The bat closely misses you. The jackal misses you.
The jackal barely misses you. The jackal closely misses you.
You hit the jackal.
You kill the jackal!
The bat closely misses you. The bat barely misses you.
The jackal closely misses you.
The jackal bites you but does no damage.
You closely miss the jackal.
Your tail-slap misses the jackal.
The bat misses you. The endoplasm misses you. The jackal barely misses you.
The endoplasm hits you.
Your magical contamination has completely faded away.
You barely miss the jackal. The bat hits you but does no damage.
The jackal bites you but does no damage. x2
The endoplasm freezes you.
You are frozen.
* * * LOW HITPOINT WARNING * * *
The endoplasm hits you but does no damage.
The bat closely misses you. The bat barely misses you.
You hit the bat but do no damage. The bat closely misses you.
The jackal bites you but does no damage.
You hit the bat but do no damage. The bat hits you.
* * * LOW HITPOINT WARNING * * *
The bat hits you but does no damage.
The jackal bites you but does no damage.
The bat hits you but does no damage. The bat barely misses you.
The bat hits you but does no damage. The jackal bites you.
You die...

#..........# ##... ##≈≈≈
##..........##..... #≈≈≈≈
..............(.... ≈≈≈8≈
#..#.......$#...... .≈≈≈≈≈
#.............######.≈≈≈≈.
....................#.≈≈.≈
........J............≈..≈≈
..>.....####........(≈≈≈≈≈
.....?#..@b#†........≈≈≈≈≈
....# #.##hJ.........≈≈≈≈≈
... #.####.........≈≈≈≈≈
.. #.# #.........≈≈≈8≈ #.#
#..........≈≈≈≈ ..#
#...........≈≈≈ ...
#............≈≈
....####.#.>.... ..####
#.#......


You could see an endoplasm, a jackal and a bat.

Vanquished Creatures
  A goblin (D:1)
  A jackal (D:1)
2 creatures vanquished.

Notes
Turn   | Place    | Note
-------+----------+-------------------------------------------
     0 | D:1      | Argetlam the Draconian Conjurer began the quest for the
                  | Orb.
     0 | D:1      | Reached XP level 1. HP: 14/14 MP: 3/3
   114 | D:1      | Found a faded altar of an unknown god.
   190 | D:1      | Slain by a jackal

Illustrated notes

Levels and vault maps discovered:
D:1:      nzn_arrival_water_spiral, layout_rooms,
          hellmonk_ecumenical_altar_pennies_from_heaven

Action                   || total
-------------------------++-------
Melee: Staff             ||     7
 Cast: Magic Dart        ||     2
Armor: Skin              ||    12
Dodge: Dodged            ||    20
